 Dungeon Crawl Stone Soup version 0.25-a0-1056-g2efb326896 (webtiles) character file.

Game seed: 15750872224414822174, levelgen mode: deterministic

283 Flugslaktarn the Chopper (level 6, 0/56 HPs)
             Began as a Deep Dwarf Fighter on May 13, 2020.
             Was an Initiate of Makhleb.
             Killed from afar by an orc wizard (4 damage)
             ... with a magic dart
             ... on level 3 of the Dungeon.
             The game lasted 00:00:50 (742 turns).

Flugslaktarn the Chopper (Deep Dwarf Fighter)        Turns: 742, Time: 00:00:51

Health: 0/56       AC:  8    Str: 19    XL:     6   Next: 7%
Magic:  5/7        EV:  7    Int:  9    God:    Makhleb [......]
Gold:   122        SH: 10    Dex: 14    Spells: 5/5 levels left

rFire    . . .     SeeInvis .   a - +0 war axe
rCold    . . .     Gourm    .   c - +0 kite shield
rNeg     . . .     Faith    .   b - +0 scale mail
rPois    .         Spirit   .   (no helmet)
rElec    .         Reflect  .   (no cloak)
rCorr    .         Harm     .   k - +0 pair of gloves
MR       .....                  (no boots)
Stlth    ..........             (no amulet)
HPRegen  0.00/turn              (no ring)
MPRegen  0.10/turn              (no ring)

@: non-regenerating
A: damage resistance, heal wounds, sense surroundings 1, no regeneration
a: Heal Wounds, Renounce Religion


You were on level 3 of the Dungeon.
You worshipped Makhleb.
Makhleb was noncommittal.
You were not hungry.

You visited 1 branch of the dungeon, and saw 3 of its levels.

You collected 122 gold pieces.

Inventory:

Hand Weapons
 a - a +0 war axe (weapon)
Armour
 b - a +0 scale mail (worn)
 c - a +0 kite shield (worn)
 k - a +0 pair of gloves (worn)
   (You found it on level 3 of the Dungeon)
Jewellery
 g - a +5 ring of dexterity {unknown}
   (You found it on level 2 of the Dungeon)
 l - an uncursed ring of wizardry {unknown}
   (You found it on level 3 of the Dungeon)
Scrolls
 h - a scroll of fear {unknown}
 i - a scroll of teleportation {unknown}
 m - a scroll of identify {unknown}
 n - a scroll of magic mapping {unknown}
Potions
 d - a potion of might
 j - 2 potions of curing {unknown}
Comestibles
 e - 5 rations
 f - 4 chunks of flesh


   Skills:
 + Level 3.6 Fighting
 * Level 4.6 Axes
 + Level 4.3 Armour
 + Level 4.4 Shields
 + Level 1.4 Invocations


You had 5 spell levels left.
You didn't know any spells.
Your spell library was empty.

Dungeon Overview and Level Annotations

Branches:
Dungeon (3/15)

Altars:
Ashenzari
Dithmenos
Fedhas
Makhleb


Innate Abilities, Weirdness & Mutations

You are resistant to damage.
You can heal yourself by infusing magical energy.
You passively map a small area around you.
You do not regenerate.


Message History

The orc throws a boomerang of dispersal.
The boomerang of dispersal hits you but does no damage.
The orc hits you but does no damage.
You slash the orc!
You kill the orc!
Makhleb accepts your kill.
You hit the orc wizard but do no damage.
The orc wizard casts a spell at you.
You easily resist.
The orc throws a boomerang of dispersal.
The boomerang of dispersal closely misses you.
The orc wizard closely misses you.
You closely miss the orc wizard.
The orc wizard hits you with a +1 dagger of electrocution!
You are electrocuted!!
* * * LOW HITPOINT WARNING * * *
A goblin comes into view.
The orc wizard points at you and mumbles some strange words.
The magic dart hits you.
You die...

, * , , * * , * , ,
,
.############......,
* ,
......).(..........
, ,
......o@...(.......
, *
.......)o..........,
,...................
*
,g........####......
, ,,
............'......
.....<.####.#..... ,
....... #.# ### *
.....# ,.......* #.#
, .....# , , * #.# ,
,


You could see an orc wizard (fast, strong), an orc and a goblin (wandering).

Vanquished Creatures
  A scorpion (D:3)
  3 iron imps (D:3)
  An orc wizard (D:3)
  4 gnolls (D:3)
  3 adders
  A dart slug (D:1)
  A leopard gecko (D:2)
  2 orcs (D:3)
  9 bats
  A giant cockroach (D:3)
  3 goblins
  5 hobgoblins
  8 jackals
  5 kobolds
  A frilled lizard (D:1)
  4 rats
52 creatures vanquished.

Notes
Turn   | Place    | Note
-------+----------+-------------------------------------------
     0 | D:1      | Flugslaktarn the Deep Dwarf Fighter began the quest for the
                  | Orb.
     0 | D:1      | Reached XP level 1. HP: 20/20 MP: 1/1
    76 | D:1      | Reached XP level 2. HP: 24/27 MP: 2/2
   120 | D:2      | Reached XP level 3. HP: 22/33 MP: 3/3
   252 | D:2      | Found a shadowy altar of Dithmenos.
   395 | D:3      | Found a shattered altar of Ashenzari.
   456 | D:3      | Found a blossoming altar of Fedhas.
   488 | D:3      | Found a burning altar of Makhleb.
   513 | D:3      | Reached XP level 4. HP: 17/42 MP: 4/4
   523 | D:3      | Reached XP level 5. HP: 23/49 MP: 5/5
   531 | D:3      | Became a worshipper of Makhleb the Destroyer
   682 | D:3      | Reached skill level 1 in Invocations
   740 | D:3      | Reached XP level 6. HP: 32/56 MP: 5/7
   742 | D:3      | Killed from afar by an orc wizard

Illustrated notes

Levels and vault maps discovered:
D:1:      ncdulo_lavacross, layout_loops_ring
D:2:      layout_rooms, grunt_dithmenos_smoke
D:3:      layout_basic, demons_altar, fedhas_altar_1, evilmike_ruin_ashenzari

Skill      XL: |  1  2  3  4  5 |
---------------+----------------+-----
Axes           | 3 4 |  4.6
Fighting       | 3 |  3.6
Armour         | 4 |  4.3
Shields        | 4 |  4.4
Invocations    | 1 |  1.4

Action                   |  1- 3 |  4- 6 || total
-------------------------+-------+-------++-------
Melee: War axe           |   112 |    46 ||   158
 Abil: Heal Wounds       |     1 |     2 ||     3
Armor: Scale mail        |    83 |    27 ||   110
Dodge: Dodged            |    70 |    19 ||    89
Block: Kite shield       |    90 |    30 ||   120

Table legend:
 A = Non-vault XP
 B = Vault XP
 C = Vault XP percentage of total XP
 D = Non-vault monster count
 E = Vault monster count
 F = Vault count percentage of total count
                 A         B        C        D         E       F
            +---------+---------+-------+---------+---------+-------
      Total |     275 |     130 |  32.1 |      49 |       3 |   5.8
            +---------+---------+-------+---------+---------+-------
        D:1 |      15 |       0 |   0.0 |       8 |       0 |   0.0
        D:2 |      49 |       0 |   0.0 |      21 |       0 |   0.0
        D:3 |     211 |     130 |  38.1 |      20 |       3 |  13.0
            +---------+---------+-------+---------+---------+-------
